Map: Dusk Towers

Players

MorN - Winner!

  • Race: Terran Terran
  • League: Master

Nel

  • Race: Protoss Protoss
  • League: Master

VOD

Have the link to the VOD?

Description

Time

  • Played on: Nov. 29, 2015, 8:19 p.m.
  • Length: 11:35
Show
View Real Time Build Order
Export as new Build Order

MorN Terran - Winner!

Build Orders: MMM Bio 

Get SALT Encoding   

  12  0:00  SCV  
  13  0:13  SCV  
  14  0:17  Supply Depot  
  14  0:25  SCV  
  15  0:39  SCV  
  15  0:41  Barracks  
  16  0:46  Refinery  
  16  0:52  SCV  
  17  1:05  SCV  
  18  1:17  SCV  
  19  1:27  Marine  
  19  1:32  Orbital Command  
  20  1:42  Command Center  
  20  1:55  Factory  
  20  1:58  Marine  
  21  2:11  Supply Depot  
  21  2:15  SCV  
  22  2:16  Marine  
  23  2:32  SCV  
  23  2:35  Marine  
  25  2:43  Factory Tech Lab, Barracks  
  25  2:45  SCV  
  26  2:57  SCV  
  27  2:59  Orbital Command  
  27  3:00  Marine  
  27  3:01  Cyclone  
  27  3:05  Refinery  
  31  3:09  SCV  
  31  3:11  Engineering Bay  
  32  3:18  Marine  
  33  3:23  SCV  
  33  3:26  SCV  
  35  3:35  SCV  
  35  3:37  Barracks Reactor  
  36  3:45  Stimpack  
  36  3:46  SCV  
  36  3:48  Factory Reactor  
  37  3:49  SCV, Barracks  
  37  3:54  Barracks Tech Lab  
  38  3:58  SCV  
  38  4:02  Refinery  
  39  4:03  Marine  
  39  4:07  SCV  
  41  4:10  Terran Infantry Weapons Level 1  
  41  4:11  SCV  
  42  4:19  SCV  
  42  4:22  Command Center  
  43  4:33  SCV x2  
  45  4:51  Marine  
  46  4:55  Starport  
  46  4:56  Supply Depot  
  46  4:57  Supply Depot  
  46  5:01  Combat Shields, Factory Reactor  
  46  5:04  Supply Depot  
  46  5:17  Marine x2  
  46  5:18  SCV x2, Marauder x2  
  54  5:30  SCV x2  
  54  5:33  Barracks x2  
  54  5:34  Refinery  
  48  5:35  Orbital Command  
  56  5:42  SCV x2  
  58  5:43  Factory Reactor  
  58  5:44  Medivac x2  
  58  5:48  Marauder x2  
  66  5:53  Supply Depot  
  66  5:54  Supply Depot, SCV x2  
  66  5:57  Marine x2  
  70  6:05  Terran Infantry Armor Level 1  
  70  6:06  SCV x2  
  70  6:10  Marauder  
  70  6:11  Orbital Command, Marauder  
  76  6:18  SCV, Medivac x2  
  81  6:29  Barracks Reactor, Barracks Tech Lab  
  81  6:30  Widow Mine x2, Marine x2  
  81  6:32  Marauder x2  
  91  6:34  Missile Turret  
  91  6:36  SCV  
  92  6:43  SCV x2  
  94  6:47  Supply Depot x2  
  94  6:48  SCV, Engineering Bay  
  95  6:54  Armory  
  95  7:00  Marauder x2, Marine x2  
  95  7:01  Liberator  
  101  7:02  Liberator  
  101  7:04  Supply Depot  
  101  7:05  Marine  
  96  7:16  Marine x2  
  96  7:17  Marine  
  96  7:20  Widow Mine x2  
  109  7:27  SCV x2  
  111  7:30  Marine, Marauder  
  111  7:34  Marine  
  111  7:35  Missile Turret, Marine  
  116  7:39  SCV  
  116  7:40  SCV  
  116  7:44  Marine x3  
  118  7:49  Widow Mine x2  
  125  8:00  SCV x2  
  125  8:04  Marauder  
  121  8:09  Marauder x2, Marine  
  121  8:11  Marine  
  111  8:21  Marine x2  
  111  8:22  Medivac x2  
  111  8:25  Marauder  
  119  8:30  Marauder  
  119  8:31  SCV x3  
  119  8:33  Refinery, Starport  
  124  8:34  Terran Infantry Weapons Level 2  
  124  8:35  Factory Reactor  
  124  8:36  Refinery  
  124  8:38  Terran Infantry Armor Level 2  
  124  8:43  SCV  
  125  8:48  Marine  
  125  8:49  Marine x2  
  125  8:50  SCV  
  125  8:52  Marauder  
  125  8:54  Marauder x2  
  104  9:05  Marine  
  104  9:06  Marine  
  104  9:07  Marine  
  104  9:12  Liberator  
  104  9:14  Liberator, Marine x2  
  104  9:15  Marauder  
  108  9:22  Marine x2  
  108  9:24  Marine, Medivac x2  
  115  9:32  Marauder  
  115  9:33  SCV x3  
  123  9:39  Marine x2  
  125  9:51  Supply Depot  
  125  9:53  Marine x2  
  125  9:54  SCV, Marauder x2  
  125  9:57  Marine  
  133  10:01  Marine x2  
  133  10:03  Command Center  
  133  10:08  Medivac  
  133  10:11  Marine  
  133  10:13  Medivac  
  135  10:15  Marauder x2  
  135  10:19  Marine x2  
  141  10:29  Marine  
  141  10:49  Marine  
  141  10:51  Marine x2  
  141  10:52  Marine  
  141  11:02  Marauder  
  141  11:03  Marine  
  141  11:04  Marauder  
  141  11:06  Marine  
  141  11:09  Marine x2  
  140  11:12  Marauder  
  146  11:24  Barracks x3  
Show
View Real Time Build Order
Export as new Build Order

Nel Protoss 

Build Orders: Nexus First 

Get SALT Encoding   

  12  0:01  Probe (Chrono Boost)  
  13  0:11  Probe (Chrono Boost)  
  14  0:17  Pylon  
  14  0:22  Probe (Chrono Boost)  
  15  0:36  Probe (Chrono Boost)  
  16  0:46  Probe (Chrono Boost)  
  17  0:57  Nexus  
  17  1:08  Gateway  
  17  1:13  Probe (Chrono Boost)  
  17  1:17  Assimilator  
  18  1:23  Probe (Chrono Boost)  
  19  1:27  Assimilator  
  19  1:34  Probe (Chrono Boost)  
  19  1:39  Pylon  
  20  1:44  Probe (Chrono Boost)  
  21  1:55  Probe (Chrono Boost)  
  21  1:59  Cybernetics Core  
  22  2:05  Probe (Chrono Boost)  
  23  2:10  Probe (Chrono Boost)  
  24  2:16  Probe (Chrono Boost)  
  24  2:21  Probe (Chrono Boost)  
  26  2:26  Probe (Chrono Boost)  
  26  2:29  Pylon  
  27  2:31  Probe (Chrono Boost)  
  29  2:38  Robotics Facility  
  30  2:44  Mothership Core (Chrono Boost)  
  30  2:45  Adept  
  30  2:48  Warp Gate (Chrono Boost)  
  30  2:50  Probe  
  33  3:01  Probe  
  33  3:04  Probe  
  35  3:11  Probe  
  35  3:12  Adept  
  35  3:16  Probe  
  35  3:17  Gateway  
  39  3:22  Probe  
  39  3:24  Assimilator  
  40  3:28  Probe  
  40  3:29  Warp Prism (Chrono Boost)  
  40  3:32  Probe  
  44  3:40  Probe, Adept  
  47  3:52  Probe  
  47  3:54  Probe  
  49  3:59  Robotics Bay  
  49  4:03  Probe  
  49  4:05  Pylon  
  50  4:10  Probe  
  50  4:13  Gateway, Probe  
  50  4:16  Observer (Chrono Boost)  
  53  4:21  Assimilator  
  53  4:22  Probe, Pylon  
  54  4:24  Probe  
  53  4:35  Observer (Chrono Boost)  
  54  4:42  Nexus  
  54  4:44  Probe  
  55  4:45  Probe  
  53  4:55  Probe  
  53  4:58  Gravitic Drive  
  57  5:02  Probe, Twilight Council  
  57  5:05  Probe  
  57  5:07  Gateway  
  59  5:08  Gateway  
  59  5:14  Probe  
  59  5:16  Probe, Warp Prism (Chrono Boost)  
  59  5:18  Stalker  
  59  5:20  Stalker  
  64  5:27  Stalker  
  64  5:28  Blink (Chrono Boost)  
  66  5:31  Gateway  
  66  5:40  Probe  
  66  5:42  Probe  
  68  5:51  Probe  
  68  5:54  Probe, Disruptor (Chrono Boost)  
  68  5:55  Pylon  
  73  5:57  Gateway  
  73  5:58  Pylon  
  73  6:01  Probe  
  73  6:02  Probe  
  75  6:10  Stalker x2  
  79  6:27  Forge  
  79  6:29  Disruptor (Chrono Boost)  
  82  6:34  Stalker x2, Probe  
  82  6:35  Stalker x3, Probe  
  94  6:49  Probe  
  94  6:50  Probe  
  94  6:52  Zealot, Assimilator  
  98  6:54  Assimilator  
  98  6:55  Gateway x2  
  98  6:58  Pylon  
  98  7:01  Disruptor (Chrono Boost)  
  101  7:13  Pylon  
  101  7:16  Protoss Ground Weapons Level 1 (Chrono Boost)  
  101  7:17  Pylon  
  101  7:20  Pylon  
  101  7:23  Stalker x3  
  101  7:24  Stalker  
  108  7:38  Stalker x3  
  114  7:46  Probe  
  114  7:48  Probe x2  
  114  7:49  Zealot x4  
  125  7:52  Disruptor (Chrono Boost)  
  117  8:08  Stalker x3  
  117  8:09  Stalker x2  
  115  8:21  Stalker x4  
  123  8:32  Stalker x4  
  123  8:33  Stalker  
  133  8:51  Probe  
  119  9:02  Stalker x5  
  111  9:03  Stalker x2  
  99  9:13  Probe  
  99  9:14  Stalker x2  
  99  9:15  Probe x2  
  89  9:24  Probe  
  89  9:27  Probe  
  89  9:29  Forge  
  89  9:30  Protoss Ground Weapons Level 2 (Chrono Boost)  
  91  9:33  Photon Cannon  
  91  9:36  Photon Cannon  
  87  9:46  Zealot x5  
  87  9:52  Templar Archives  
  97  9:54  Disruptor  
  100  10:03  Stalker x2  
  100  10:04  Stalker x2  
  108  10:13  Stalker  
  108  10:14  Stalker  
  104  10:42  Zealot x4  
  108  10:43  Zealot x5  
  98  11:03  Stalker x4  
  98  11:04  Stalker x2  
  94  11:18  Stalker x3  
Tags
 
Composition
MMM Bio
Matchup
PvT
Replay Pack
MorN pack 2
Add a new tag
Caveats
  • Supply blocks, unpowered buildings, or Contaminate may cause inaccurate times.
  • Supply counts are checked every 10 seconds.